[ AOE2 MATCH · #505503246 ]
UnrankedLithuanians vs Mapuche
Player's team · LOSS
Rival team · WIN
[ REPLAY ANALYSIS · EXTRACTED FROM THE RECORDED GAME ]
Feudal
13:04
Castle
17:39
Imperial
39:09
| APM avg | 44.8 |
| APM peak | 68 |
| eAPM avg | 20.8 |
| Villagers / military | 126 / 68 |
Focus
⚔️ 30.8% · 🌾 69.2%
Skirmisher ×31 · Leitis ×11 · Militia ×9 · Knight ×7 · Monk ×6 · Archer ×4
Feudal
9:19
Castle
22:09
Imperial
37:51
| APM avg | 63.0 |
| APM peak | 101 |
| eAPM avg | 30.5 |
| Villagers / military | 145 / 81 |
Focus
⚔️ 42.3% · 🌾 57.7%
Unknown (2550) ×65 · Bolas Rider ×56 · Archer ×10 · Trebuchet (Packed) ×7 · Monk ×4 · Spearman ×4
Match map
Initial resources + every placement click. Lines = walls · curves = elevation contours. ◆ gold · ⬟ stone · ● berries · ✦ relic · ◌ wall gap
Your base· Open — 7t gap
Pirate's base· ✓ Closed at 22:09 · 38t walls · no gate
Smoothed initial terrain · ◌ = detected wall gap · hover for details
Inputs per minute
— SaintedByArmor - - Pirate
Build order — SaintedByArmor
First 150 of 334 actions detected
| 0:00 | Create | Villager (Male) |
| 0:00 | Create | Villager (Male) |
| 0:02 | Build | House |
| 0:02 | Build | House |
| 0:16 | Create | Villager (Male) |
| 0:16 | Create | Villager (Male) |
| 0:16 | Create | Villager (Male) |
| 0:17 | Create | Villager (Male) |
| 1:39 | Create | Villager (Male) |
| 1:59 | Build | Barracks |
| 2:26 | Create | Villager (Male) |
| 2:30 | Build | House |
| 2:57 | Create | Militia |
| 2:58 | Create | Militia |
| 3:19 | Create | Villager (Male) |
| 3:36 | Create | Villager (Male) |
| 4:07 | Create | Villager (Male) |
| 4:14 | Create | Militia |
| 4:18 | Build | House |
| 4:19 | Build | House |
| 4:37 | Create | Villager (Male) |
| 4:57 | Create | Villager (Male) |
| 5:14 | Create | Militia |
| 5:15 | Create | Villager (Male) |
| 5:33 | Create | Villager (Male) |
| 5:45 | Create | Militia |
| 6:04 | Build | Lumber Camp |
| 6:10 | Create | Villager (Male) |
| 6:35 | Create | Villager (Male) |
| 7:02 | Create | Villager (Male) |
| 7:05 | Build | Mill |
| 7:13 | Create | Villager (Male) |
| 7:43 | Create | Villager (Male) |
| 8:03 | Create | Villager (Male) |
| 8:05 | Build | Mining Camp |
| 8:42 | Create | Villager (Male) |
| 8:46 | Build | House |
| 8:47 | Build | House |
| 8:57 | Build | Farm |
| 9:01 | Create | Militia |
| 9:14 | Create | Villager (Male) |
| 9:18 | Build | Farm |
| 9:23 | Create | Militia |
| 9:27 | Build | Farm |
| 9:38 | Create | Villager (Male) |
| 9:42 | Build | Farm |
| 9:45 | Build | Palisade Wall |
| 9:48 | Build | Palisade Wall |
| 10:03 | Create | Villager (Male) |
| 10:07 | Build | Farm |
| 10:13 | Research | Loom |
| 10:33 | Build | Farm |
| 10:54 | Research | Feudal Age |
| 11:00 | Build | Farm |
| 11:13 | Build | Farm |
| 11:28 | Create | Militia |
| 11:29 | Create | Militia |
| 11:56 | Build | House |
| 11:59 | Build | Palisade Wall |
| 12:00 | Build | Palisade Wall |
| 12:02 | Build | Palisade Wall |
| 12:05 | Build | Palisade Wall |
| 12:38 | Build | Farm |
| 12:45 | Create | Villager (Male) |
| 12:46 | Create | Villager (Male) |
| 13:04 | Age | Feudal Age |
| 13:07 | Build | Stable |
| 13:29 | Build | Blacksmith |
| 13:37 | Build | Palisade Wall |
| 13:59 | Create | Villager (Male) |
| 14:23 | Build | Farm |
| 14:25 | Build | Farm |
| 14:30 | Build | Watch Tower |
| 14:34 | Create | Villager (Male) |
| 14:53 | Research | Castle Age |
| 15:31 | Research | Double-Bit Axe |
| 16:19 | Research | Scale Barding Armor |
| 16:26 | Build | Market |
| 16:35 | Build | House |
| 17:04 | Research | Bloodlines |
| 17:31 | Create | Villager (Male) |
| 17:39 | Age | Castle Age |
| 17:40 | Create | Knight |
| 17:40 | Create | Knight |
| 18:29 | Create | Villager (Male) |
| 18:30 | Create | Villager (Male) |
| 18:39 | Create | Knight |
| 19:04 | Create | Knight |
| 19:24 | Build | Town Center |
| 19:29 | Create | Villager (Male) |
| 19:42 | Create | Villager (Male) |
| 19:44 | Create | Villager (Male) |
| 20:18 | Create | Knight |
| 20:19 | Create | Villager (Male) |
| 20:19 | Create | Villager (Male) |
| 20:22 | Build | Farm |
| 20:27 | Create | Villager (Male) |
| 20:47 | Build | Farm |
| 20:47 | Build | Farm |
| 21:01 | Create | Knight |
| 21:03 | Build | Farm |
| 21:03 | Build | Farm |
| 21:21 | Create | Villager (Male) |
| 21:27 | Build | Monastery |
| 21:36 | Build | Farm |
| 21:37 | Create | Villager (Male) |
| 21:51 | Build | Farm |
| 21:58 | Create | Knight |
| 22:08 | Build | Mining Camp |
| 22:11 | Create | Monk |
| 22:11 | Create | Monk |
| 22:14 | Build | Farm |
| 22:33 | Create | Villager (Male) |
| 22:33 | Create | Villager (Male) |
| 22:37 | Build | Farm |
| 22:49 | Build | Farm |
| 22:58 | Build | Archery Range |
| 23:01 | Build | Farm |
| 23:02 | Create | Villager (Male) |
| 23:02 | Create | Villager (Male) |
| 23:11 | Build | Farm |
| 23:17 | Build | House |
| 23:19 | Build | House |
| 23:24 | Create | Monk |
| 23:26 | Research | Sanctity |
| 23:29 | Build | Farm |
| 23:48 | Create | Villager (Male) |
| 23:48 | Create | Villager (Male) |
| 23:49 | Create | Villager (Male) |
| 23:52 | Build | Farm |
| 23:58 | Research | Horse Collar |
| 24:00 | Build | Farm |
| 24:04 | Create | Villager (Male) |
| 24:29 | Create | Villager (Male) |
| 24:36 | Create | Villager (Male) |
| 24:38 | Create | Monk |
| 24:55 | Create | Villager (Male) |
| 24:55 | Create | Villager (Male) |
| 24:56 | Create | Villager (Male) |
| 25:01 | Research | Elite Skirmisher (upgrade) |
| 25:05 | Build | Farm |
| 25:07 | Build | Farm |
| 25:11 | Create | Monk |
| 25:12 | Create | Villager (Male) |
| 25:49 | Research | Fletching |
| 26:09 | Create | Monk |
| 26:15 | Create | Villager (Male) |
| 26:31 | Create | Villager (Male) |
| 26:37 | Create | Villager (Male) |
| 26:37 | Create | Villager (Male) |
Build order — Pirate
First 150 of 479 actions detected
| 0:00 | Create | Villager (Male) |
| 0:01 | Build | House |
| 0:02 | Build | House |
| 0:04 | Create | Villager (Male) |
| 0:08 | Create | Villager (Male) |
| 0:15 | Create | Villager (Male) |
| 0:16 | Create | Villager (Male) |
| 1:25 | Create | Villager (Male) |
| 1:51 | Build | Settlement |
| 2:00 | Create | Villager (Male) |
| 2:00 | Create | Villager (Male) |
| 2:00 | Create | Villager (Male) |
| 2:44 | Create | Villager (Male) |
| 3:04 | Create | Villager (Male) |
| 3:04 | Create | Villager (Male) |
| 3:42 | Create | Villager (Male) |
| 3:42 | Create | Villager (Male) |
| 4:35 | Create | Villager (Male) |
| 4:45 | Create | Villager (Male) |
| 4:46 | Create | Villager (Male) |
| 5:15 | Research | Loom |
| 5:41 | Create | Villager (Male) |
| 5:50 | Build | Barracks |
| 6:12 | Create | Villager (Male) |
| 6:31 | Create | Villager (Male) |
| 7:09 | Research | Feudal Age |
| 7:19 | Build | Settlement |
| 7:45 | Build | Palisade Wall |
| 7:49 | Build | Palisade Wall |
| 7:53 | Build | House |
| 7:54 | Build | Settlement |
| 8:00 | Create | Unit 2550 |
| 8:14 | Build | Palisade Wall |
| 8:15 | Build | Palisade Wall |
| 8:15 | Build | Palisade Wall |
| 8:19 | Build | Palisade Wall |
| 8:21 | Create | Villager (Male) |
| 8:26 | Build | House |
| 8:28 | Build | House |
| 8:31 | Build | Palisade Wall |
| 9:10 | Build | Palisade Wall |
| 9:12 | Create | Unit 2550 |
| 9:12 | Create | Unit 2550 |
| 9:15 | Build | Palisade Wall |
| 9:19 | Age | Feudal Age |
| 9:32 | Research | Tech 1402 |
| 9:42 | Create | Villager (Male) |
| 10:10 | Create | Villager (Male) |
| 10:30 | Create | Villager (Male) |
| 10:38 | Build | Archery Range |
| 10:59 | Create | Villager (Male) |
| 11:10 | Build | House |
| 11:12 | Build | Palisade Wall |
| 11:16 | Create | Villager (Male) |
| 11:27 | Build | House |
| 11:33 | Create | Archer |
| 11:34 | Create | Archer |
| 11:43 | Create | Villager (Male) |
| 11:43 | Create | Villager (Male) |
| 12:04 | Create | Archer |
| 12:12 | Build | House |
| 12:14 | Build | Palisade Wall |
| 12:22 | Build | House |
| 12:25 | Build | Palisade Wall |
| 12:29 | Create | Archer |
| 12:35 | Create | Villager (Male) |
| 12:35 | Create | Villager (Male) |
| 12:45 | Create | Villager (Male) |
| 13:00 | Create | Archer |
| 13:10 | Research | Double-Bit Axe |
| 13:39 | Create | Villager (Male) |
| 13:43 | Build | Blacksmith |
| 13:54 | Create | Archer |
| 13:55 | Create | Villager (Male) |
| 14:02 | Build | Farm |
| 14:10 | Create | Archer |
| 14:17 | Research | Fletching |
| 14:43 | Build | Farm |
| 14:44 | Build | Farm |
| 14:44 | Create | Villager (Male) |
| 14:47 | Build | Farm |
| 14:49 | Build | Farm |
| 14:50 | Build | Farm |
| 14:51 | Build | Farm |
| 15:14 | Build | Farm |
| 15:16 | Build | House |
| 15:17 | Build | House |
| 15:25 | Create | Archer |
| 15:25 | Create | Villager (Male) |
| 15:43 | Create | Archer |
| 15:45 | Create | Villager (Male) |
| 15:58 | Create | Villager (Male) |
| 16:02 | Build | House |
| 16:02 | Build | House |
| 16:16 | Build | Farm |
| 16:16 | Build | Farm |
| 16:17 | Build | Farm |
| 16:34 | Create | Archer |
| 16:46 | Create | Villager (Male) |
| 17:14 | Create | Villager (Male) |
| 17:15 | Build | Market |
| 17:21 | Build | Farm |
| 17:25 | Build | Farm |
| 17:27 | Build | Farm |
| 17:30 | Build | Farm |
| 17:32 | Build | Farm |
| 17:40 | Create | Villager (Male) |
| 18:11 | Create | Villager (Male) |
| 18:15 | Build | House |
| 18:17 | Build | Palisade Wall |
| 18:21 | Build | Palisade Wall |
| 18:43 | Create | Spearman |
| 18:44 | Create | Spearman |
| 18:44 | Create | Villager (Male) |
| 19:29 | Research | Castle Age |
| 19:57 | Build | Archery Range |
| 20:21 | Build | Palisade Wall |
| 20:21 | Build | Palisade Wall |
| 20:24 | Research | Horse Collar |
| 20:39 | Build | Settlement |
| 21:01 | Create | Spearman |
| 21:02 | Create | Spearman |
| 21:34 | Build | Archery Range |
| 21:49 | Create | Villager (Male) |
| 21:52 | Research | Gold Mining |
| 22:09 | Age | Castle Age |
| 22:11 | Create | Bolas Rider |
| 22:12 | Create | Bolas Rider |
| 22:12 | Create | Bolas Rider |
| 22:12 | Research | Bodkin Arrow |
| 22:15 | Build | House |
| 22:19 | Build | House |
| 22:24 | Create | Bolas Rider |
| 22:36 | Create | Bolas Rider |
| 22:36 | Create | Bolas Rider |
| 22:40 | Research | Bow Saw |
| 22:41 | Create | Villager (Male) |
| 22:41 | Create | Villager (Male) |
| 22:43 | Research | Wheelbarrow |
| 22:46 | Create | Bolas Rider |
| 22:54 | Create | Bolas Rider |
| 22:54 | Create | Bolas Rider |
| 23:04 | Create | Villager (Male) |
| 23:15 | Build | House |
| 23:18 | Create | Bolas Rider |
| 23:18 | Create | Bolas Rider |
| 23:19 | Create | Bolas Rider |
| 23:25 | Create | Villager (Male) |
| 23:43 | Build | Monastery |
| 23:53 | Build | Farm |
Match timeline
| 1:59 | SaintedByArmor · first_building Barracks |
| 5:50 | Pirate · first_building Barracks |
| 7:45 | Pirate · wall_segment Palisade Wall x1 |
| 7:49 | Pirate · wall_segment Palisade Wall x1 |
| 8:14 | Pirate · wall_segment Palisade Wall x1 |
| 8:15 | Pirate · wall_segment Palisade Wall x1 |
| 8:15 | Pirate · wall_segment Palisade Wall x1 |
| 8:19 | Pirate · wall_segment Palisade Wall x4 |
| 8:31 | Pirate · wall_segment Palisade Wall x2 |
| 9:10 | Pirate · wall_segment Palisade Wall x1 |
| 9:15 | Pirate · wall_segment Palisade Wall x1 |
| 9:19 | Pirate · age_up feudal |
| 9:45 | SaintedByArmor · wall_segment Palisade Wall x1 |
| 9:48 | SaintedByArmor · wall_segment Palisade Wall x1 |
| 10:38 | Pirate · first_building Archery Range |
| 11:12 | Pirate · wall_segment Palisade Wall x13 |
| 11:59 | SaintedByArmor · wall_segment Palisade Wall x1 |
| 12:00 | SaintedByArmor · wall_segment Palisade Wall x1 |
| 12:02 | SaintedByArmor · wall_segment Palisade Wall x1 |
| 12:05 | SaintedByArmor · wall_segment Palisade Wall x1 |
| 12:14 | Pirate · wall_segment Palisade Wall x1 |
| 12:25 | Pirate · wall_segment Palisade Wall x1 |
| 13:04 | SaintedByArmor · age_up feudal |
| 13:07 | SaintedByArmor · first_building Stable |
| 13:37 | SaintedByArmor · wall_segment Palisade Wall x1 |
| 17:39 | SaintedByArmor · age_up castle |
| 17:46 | SaintedByArmor · first_market_buy 100 wood |
| 18:17 | Pirate · wall_segment Palisade Wall x8 |
| 18:21 | Pirate · wall_segment Palisade Wall x1 |
| 19:28 | Pirate · first_market_buy 100 food |
| 19:29 | Pirate · first_market_sell 500 wood |
| 20:21 | Pirate · wall_segment Palisade Wall x1 |
| 20:21 | Pirate · wall_segment Palisade Wall x1 |
| 21:27 | SaintedByArmor · first_building Monastery |
| 22:09 | Pirate · age_up castle |
| 22:58 | SaintedByArmor · first_building Archery Range |
| 23:43 | Pirate · first_building Monastery |
| 36:08 | SaintedByArmor · first_building Castle |
| 37:16 | Pirate · first_building Castle |
| 37:51 | Pirate · age_up imperial |
| 39:09 | SaintedByArmor · age_up imperial |
| 41:08 | SaintedByArmor · resign |
[ AI ANALYSIS · 1 CREDIT ]
What really happened in this match?
Wolo.gg analyzes every decision: build order, eco, micro, common mistakes by bracket. Personalized analysis on WhatsApp or Discord in 30 seconds.
Civ guide
Lithuanians
Perfil
Jugador #13797156